 Dungeon Crawl Stone Soup version 0.16.1-11-g651b585 (webtiles) character file.

133 Siriah the Insei (level 5, -3/34 HPs)
             Began as an Octopode Transmuter on Apr 1, 2015.
             Was an Initiate of Ru.
             Slain by Sigmund
             ... wielding a +0 scythe
              (15 damage)
             ... on level 3 of the Dungeon.
             The game lasted 00:05:34 (1577 turns).

Siriah the Insei (Octopode Transmuter)              Turns: 1577, Time: 00:05:34

Health: -3/34      AC:  1    Str:  9    XL:     5   Next: 16%
Magic:  1/9        EV: 12    Int: 17    God:    Ru [......]
Gold:   86         SH:  0    Dex: 12    Spells: 3 memorised, 3 levels left

rFire  . . .     SeeInvis .       - Unarmed
rCold  . . .     Clarity  .     (no shield)
rNeg   . . .     SustAb   .     (helmet restricted)
rPois  .         Gourm    .     k - amulet of resist corrosion
rElec  .         Spirit   .     (no ring)
rCorr  +         Warding  .     (no ring)
rMut   .         Stasis   .     (no ring)
MR     .....                    (no ring)
Stlth  +++.......               (no ring)
                                (no ring)
                                (no ring)
                                (no ring)

@: appendage (expiring), not resistant to hostile enchantments, fairly stealthy
A: almost no armour, amphibious, 8 rings, constrict 8, tentacle spike 3,
camouflage 1, gelatinous body 1
a: End Transformation, Renounce Religion


You were on level 3 of the Dungeon.
You worshipped Ru.
Ru was noncommittal.
You were hungry.
One of your tentacles had a temporary spike.
You visited 1 branch of the dungeon, and saw 3 of its levels.

You collected 86 gold pieces.

Inventory:

Missiles
 b - 8 arrows
Jewellery
 k - an amulet of resist corrosion (around mantle)
Magical devices
 n - a wand of fireball (2)
Scrolls
 c - 2 scrolls of teleportation {unknown}
 e - a scroll of magic mapping {unknown}
 i - 2 scrolls of enchant weapon {unknown}
 m - a scroll of immolation {unknown}
 o - 2 scrolls of identify {unknown}
 p - 3 scrolls of remove curse {unknown}
Potions
 g - a potion of cancellation {unknown}
 h - 2 potions of curing
 j - a potion of heal wounds {unknown}
 l - a potion of restore abilities {unknown}
Books
 d - a book of Changes

   Spells                             Type                      Level
   a - Beastly Appendage              Transmutation                1
   b - Sticks to Snakes               Transmutation                2
   c - Spider Form                    Transmutation/Poison         3
   d - Ice Form                       Ice/Transmutation            4
   e - Blade Hands                    Transmutation                5
Comestibles
 a - a bread ration
 f - 3 chunks of flesh


   Skills:
 + Level 1.7 Fighting
 + Level 2.6 Dodging
 + Level 1.9 Stealth
 + Level 3.8 Unarmed Combat
 + Level 2.7 Spellcasting
 + Level 2.8 Transmutations


You had 3 spell levels left.
You knew the following spells:

 Your Spells              Type           Power        Failure   Level  Hunger
a - Beastly Appendage     Trmt           ##....       6%          1    #......
b - Sticks to Snakes      Trmt           ##........   10%         2    ##.....
c - Spider Form           Trmt/Pois      #.........   30%         3    ###....


Dungeon Overview and Level Annotations

Branches:
Dungeon (3/15)

Altars:
Ru

Annotations:
D:3 Sigmund


Innate Abilities, Weirdness & Mutations

You cannot wear most types of armour.
You are amphibious.
You can wear up to eight rings at the same time.
You can use your tentacles to constrict many enemies at once.
Your skin changes colour to match your surroundings (Stealth).
Your rubbery body absorbs attacks (AC +1).
One of your tentacles bears a large vicious spike.


Message History

Something hits your ball python!
Your ball python dies!
A worm comes into view.
Your adder closely misses something.
Something hits you!
Your adder barely misses something.
You bludgeon something!
The ooze quivers.
Your adder barely misses something.
You hear some strange, mumbled words.
The magic dart hits you!
You tentacle-slap something.
The crimson imp blinks!
Your adder misses something. Something hits you.
You barely miss something.
You pierce something.
Your transformation is almost over.
Your adder misses something.
Your adder closely misses something.
You barely miss something.
Your tentacle spike misses something.
Your squeeze misses something.
The crimson imp closely misses your ball python.
Something hits you!
You die...

####......# #.....#
..........# #.)...#
.###......# #.....#
.)<#)###### #.....#
####.###########.....#
.......#..........####.#....
.....................5......
####.#.#.########.####.#####
#.#<.....##..@SS.#
..#......##....5.#
####......##..........
##.#######..w....J..#
#####....# #......)...#
.........# #...########
#####.......###..# #.......#
#..# ####....# #..#


You could see a worm, an ooze, a crimson imp, a friendly adder and a friendly
ball python.

Vanquished Creatures
  An orc priest (D:3)
  6 adders
  A giant mite (D:1)
  A giant gecko (D:2)
  An orc (D:3)
  A bat (D:2)
  8 goblins
  3 hobgoblins
  8 giant newts
  5 jackals (D:2)
  8 kobolds
  11 rats
54 creatures vanquished.

Notes
Turn   | Place    | Note
--------------------------------------------------------------
     0 | D:1      | Siriah, the Octopode Transmuter, began the quest for the Orb.
     0 | D:1      | Reached XP level 1. HP: 13/13 MP: 3/3
   150 | D:1      | Reached XP level 2. HP: 16/18 MP: 2/4
   505 | D:2      | Reached XP level 3. HP: 15/23 MP: 6/6
   515 | D:2      | Learned a level 2 spell: Sticks to Snakes
   519 | D:2      | Learned a level 3 spell: Spider Form
   608 | D:2      | Reached skill level 1 in Stealth
   789 | D:2      | Reached XP level 4. HP: 8/28 MP: 5/8
   943 | D:2      | Found a sacrificial altar of Ru.
   961 | D:2      | Became a worshipper of Ru the Awakened
  1429 | D:3      | Reached XP level 5. HP: 18/34 MP: 9/9
  1555 | D:3      | Noticed Sigmund
  1577 | D:3      | Slain by Sigmund

Action                   |  1- 3 |  4- 6 || total
-------------------------+-------+-------++-------
Melee: Unarmed           |    72 |    48 ||   120
 Cast: Beastly Appendage |    15 |     7 ||    22
       Sticks to Snakes  |       |     4 ||     4
  Use: Potion            |     1 |     1 ||     2
 Stab: Sleeping          |     3 |     3 ||     6
  Eat: Chunk             |       |     2 ||     2
